 Dungeon Crawl Stone Soup version 0.28.0-45-g0d030f2227 (webtiles) character file.

Game seed: 15394492233981996405

348 Peloso the Covered (level 6, -4/84 HPs)
             Began as a Minotaur Fighter on Apr 10, 2022.
             Slain by an ogre
             ... wielding a +0 giant club
              (15 damage)
             ... on level 5 of the Dungeon.
             The game lasted 00:04:52 (3377 turns).

Peloso the Covered (Minotaur Fighter)               Turns: 3377, Time: 00:04:53

Health: -4/84      AC: 23    Str: 21    XL:     6   Next: 33%
Magic:  5/5        EV:  2    Int:  5    God:
Gold:   150        SH:  5    Dex: 11    Spells: 5/5 levels left

rFire   . . .      SeeInvis .   a - +0 long sword
rCold   . . .      Faith    .   c - +0 buckler
rNeg    . . .      Spirit   .   (armour currently unavailable)
rPois   +          Reflect  .   (helmet currently unavailable)
rElec   .          Harm     .   (cloak currently unavailable)
rCorr   .          Rampage  .   (gloves currently unavailable)
Will    .....      NoTele   +   (boots currently unavailable)
Stlth   +.........              (no amulet)
HPRegen 0.24/turn               (no ring)
MPRegen 0.09/turn               (no ring)

@: mighty, tree-form
A: stationary, stasis, torment immunity, boosted hp, (horns 2), (retaliatory
headbutt)
a: no special abilities


You were on level 5 of the Dungeon.
You were a tree.
You visited 1 branch of the dungeon, and saw 5 of its levels.

You collected 150 gold pieces.

Inventory:

Hand Weapons
 a - a +0 long sword (weapon)
Armour
 b - a +0 scale mail
 c - a +0 buckler (worn)
 r - a +0 chain mail (melded)
Scrolls
 f - a scroll of immolation {unknown}
 g - 2 scrolls of torment {unknown}
 h - a scroll of noise {unknown}
 i - a scroll of acquirement {unknown}
 j - a scroll of vulnerability {unknown}
 k - 3 scrolls of enchant armour {unknown}
 l - 2 scrolls of blinking {unknown}
 m - 2 scrolls of amnesia {unknown}
 n - 2 scrolls of fear {unknown}
 q - a scroll of teleportation {unknown}
Potions
 d - 3 potions of might
 e - 2 potions of curing
 o - 3 potions of lignification
 p - 2 potions of heal wounds


   Skills:
 + Level 5.1 Fighting
 + Level 5.3 Long Blades
 + Level 5.4 Armour
 + Level 0.6 Dodging
 + Level 0.1 Stealth
 + Level 4.4 Shields


You had 5 spell levels left.
You didn't know any spells.
Your spell library contained the following spells:

 Spells                   Type           Power      Damage    Failure   Level
 Gell's Gravitas          Tloc           0%         N/A       90%         3
 Lesser Beckoning         Tloc           0%         N/A       90%         3
 Teleport Other           Tloc           0%         N/A       90%         3


Dungeon Overview and Level Annotations

Branches:
Dungeon (5/15)
 Temple: D:4-7

Altars:
Sif Muna

Shops:
D:4 (


Innate Abilities, Weirdness & Mutations

You are a tree.
Your roots penetrate the ground, keeping you stationary.
You cannot be teleported.
You are immune to unholy pain and torment.
Your maximum health is greatly increased.
Your equipment is partially melded.
((You have a pair of horns on your head.))
((You reflexively headbutt those who attack you in melee.))


Message History

The kobold is severely wounded.
The kobold hits you with a +0 short sword.
The kobold hits you but does no damage. x3
Unknown command.
You barely miss the kobold.
The kobold hits you but does no damage. x4
You slash the kobold!
You kill the kobold!
The kobold hits you but does no damage.
The kobold hits you with a +0 short sword.
* * * LOW HITPOINT WARNING * * *
Unknown command.
Unknown command.
You barely miss the kobold. The kobold hits you but does no damage.
You block the kobold's attack. x2
Unknown command.
You closely miss the kobold.
The kobold hits you but does no damage. x2
The kobold hits you with a +0 short sword.
* * * LOW HITPOINT WARNING * * *
Unknown command.
You slash the kobold!
You kill the kobold!
The adder completely misses you. The kobold hits you but does no damage.
Unknown command.
You slash the adder!
You kill the adder!
The kobold hits you but does no damage.
Unknown command.
You hit the ogre.
The ogre is lightly wounded.
You block the kobold's attack. The ogre hits you with a +0 giant club!
* * * LOW HITPOINT WARNING * * *
Unknown command.
You barely miss the ogre.
The ogre is lightly wounded.
The kobold hits you but does no damage.
Unknown command.
You slash the ogre!
The ogre is heavily wounded.
The ogre hits you with a +0 giant club!
You die...

.....
...............
....
.................#
...?............
................
.............#
............#.
..##............
.....#)K......
#..#♣).......
#.lO##.......#
#..Z# .......#
#...###......#.
#.###...#.........
#.................
.........oS...#....
#....>.............
#....###..KOS......


You could see an ogre, an iguana, a kobold and a centaur skeleton.

Vanquished Creatures
  A kobold brigand (D:5)
  A howler monkey (D:5)
  Jessica (D:2)
  Terence (D:2)
  A hound skeleton (D:4)
  10 adders
  An ufetubus (D:5)
  2 worms
  4 dart slugs
  3 orcs
  7 ball pythons
  5 bats
  4 endoplasms
  3 giant cockroaches
  3 goblins
  6 hobgoblins
  10 kobolds
  3 quokkas
  3 frilled lizards
  3 rats
72 creatures vanquished.

Notes
Turn   | Place    | Note
-------+----------+-------------------------------------------
     0 | D:1      | Peloso the Minotaur Fighter began the quest for the Orb.
     0 | D:1      | Reached XP level 1. HP: 19/19 MP: 0/0
   425 | D:1      | Reached XP level 2. HP: 27/27 MP: 1/1
   909 | D:2      | Found a faded altar of an unknown god.
  1092 | D:3      | Reached XP level 3. HP: 33/33 MP: 2/2
  1096 | D:3      | Identified the +1 ring mail of Lilacs {rF- Dex+6}
  1627 | D:3      | Reached XP level 4. HP: 40/40 MP: 3/3
  2163 | D:2      | Noticed Jessica
  2167 | D:2      | Killed Jessica
  2453 | D:2      | Reached XP level 5. HP: 39/47 MP: 4/4
  2661 | D:2      | Noticed Terence
  2671 | D:2      | Killed Terence
  3187 | D:4      | Noticed an ogre
  3224 | D:4      | Found Edeifevo's Weapon Shop.
  3247 | D:5      | Entered Level 5 of the Dungeon
  3247 | D:5      | Noticed an ogre
  3324 | D:5      | Found a shimmering blue altar of Sif Muna.
  3352 | D:5      | Reached skill level 5 in Armour
  3355 | D:5      | Reached skill level 5 in Long Blades
  3357 | D:5      | Reached skill level 5 in Fighting
  3364 | D:5      | Reached XP level 6. HP: 33/56 MP: 5/5
  3377 | D:5      | Slain by an ogre

Illustrated notes

Levels and vault maps discovered:
D:1:      nicolae_arrival_somewhat_less_tricky_arrival, layout_loops_cross,
          minmay_pentomino_u2
D:2:      layout_basic, ebering_ecumenical_altar_rust, uniq_jessica,
          uniq_terence
D:3:      minmay_inner_zag, layout_basic
D:4:      layout_basic, nicolae_stop_n_shop_2
D:5:      layout_cave_pools, lemuel_round_altar, enter_ossuary_5

Skill      XL: |  1  2  3  4  5 |
---------------+----------------+-----
Armour         | 4 5 |  5.4
Fighting       | 4 5 |  5.1
Shields        | 4 |  4.4
Long Blades    | 3 5 |  5.3
Dodging        | |  0.6
Stealth        | |  0.1

Action                   |  1- 3 |  4- 6 || total
-------------------------+-------+-------++-------
Melee: Long sword        |    69 |    95 ||   164
       Headbutt          |     7 |    10 ||    17
  Use: Potion            |     2 |     3 ||     5
Armor: Scale mail        |    26 |    13 ||    39
       Chain mail        |       |    75 ||    75
       Skin              |       |    41 ||    41
Dodge: Dodged            |    40 |    68 ||   108
Block: Buckler           |    13 |    43 ||    56
